Map: Ley Lines

Players

Vaisravana

  • Race: Protoss Protoss
  • Spawn Location: 1:00

A.I. 2 (Very Easy) - Winner!

  • Race: Protoss Protoss
  • Spawn Location: 7:00

VOD

Have the link to the VOD?

Description

Time

  • Played on: Aug. 7, 2025, 9:35 a.m.
  • Length: 4:54
Show
View Real Time Build Order
Export as new Build Order

Vaisravana Protoss 

Build Orders:  

Get SALT Encoding   

  12  0:00  Probe  
  13  0:12  Probe  
  14  0:17  Pylon  
  14  0:24  Probe  
  15  0:33  Probe  
  15  0:35  Gateway  
  15  0:41  Probe  
  16  0:47  Assimilator  
  17  0:51  Probe  
  17  0:55  Assimilator  
  18  0:59  Probe  
  19  1:07  Probe  
  19  1:13  Gateway  
  19  1:18  Probe  
  21  1:26  Cybernetics Core  
  21  1:30  Probe  
  22  1:40  Pylon  
  22  1:42  Probe  
  23  1:58  Probe  
  24  2:03  Robotics Facility, Adept  
  24  2:06  Adept  
  28  2:10  Warp Gate  
  28  2:17  Pylon  
  28  2:33  Adept  
  28  2:36  Adept  
  32  2:42  Shield Battery  
  32  2:43  Warp Prism  
  34  3:03  Gateway  
  34  3:07  Sentry  
  34  3:09  Sentry  
  38  3:18  Pylon  
  38  3:27  Immortal  
  38  3:41  Pylon  
  42  4:03  Stalker x2  
  42  4:04  Stalker  
  48  4:26  Stalker x2  
  48  4:28  Stalker  
  54  4:34  Pylon  
  55  4:50  Pylon  
Show
View Real Time Build Order
Export as new Build Order

A.I. 2 (Very Easy) Protoss - Winner!

Build Orders:  

Get SALT Encoding   

  12  0:00  Probe  
  13  0:13  Probe  
  14  0:19  Pylon  
  14  0:36  Assimilator  
  14  0:43  Gateway  
  14  0:46  Pylon  
  14  1:13  Assimilator  
  14  1:18  Probe  
  15  1:26  Probe  
  16  1:32  Cybernetics Core  
  16  1:34  Probe  
  17  1:45  Probe  
  18  1:56  Probe  
  18  1:58  Warp Gate  
  19  2:04  Probe  
  19  2:05  Stalker  
  22  3:43  Pylon  
  22  3:44  Probe  
  22  3:46  Stalker  
  20  3:56  Probe  
  20  4:06  Probe  
  21  4:14  Stalker, Probe  
  23  4:23  Probe  
  25  4:35  Probe  
  26  4:43  Stalker  
Tags
 
Matchup
PvP
Spawn Locations
Cross Positions
Add a new tag
Caveats
  • Supply blocks, unpowered buildings, or Contaminate may cause inaccurate times.
  • Supply counts are checked every 10 seconds.